 Dungeon Crawl Stone Soup version bcrawl-1.31 (webtiles) character file.

Game seed: 1955590561771461000

117549 Morbidden the Sneak (level 3, 0/37 HPs)
             Began as an Ent Archaeologist on Apr 7, 2021.
             Slain by Sigmund
             ... wielding a +0 scythe of freezing
              (1 damage)
             ... on level 2 of the Dungeon.
             The game lasted 00:01:50 (1422 turns).

Morbidden the Sneak (Ent Archaeologist)             Turns: 1422, Time: 00:01:51

Health: 0/37       AC: 12    Str: 18    XL:     3   Next: 55%
Magic:  3/3        EV: 10    Int: 15    God:
Gold:   106        SH:  0    Dex:  8    Spells: 2/2 levels left

rFire    + . .     SeeInvis .   b - +0 blowgun
rCold    + . .     Gourm    .   (no shield)
rNeg     + + +     Faith    .   (armour unavailable)
rPois    +         Spirit   .   c - +2 hat
rElec    +         Reflect  .   (no cloak)
rCorr    +         Harm     .   (gloves unavailable)
MR       .....                  (boots unavailable)
Stlth    +.........             i - amulet of magic regeneration
HPRegen  0.12/turn              (no ring)
MPRegen  0.33/turn              (no ring)

@: confused, resistant, berserk cooldown, hasted and slowed, very slow
A: large, slow actions, passwall, strong branches, negative energy resistance 3,
poison resistance, slow metabolism 1, torment resistance, unbreathing, AC +10
a: Passwall


You were on level 2 of the Dungeon.
You were hungry.

You visited 1 branch of the dungeon, and saw 2 of its levels.

You collected 106 gold pieces.

Inventory:

Hand Weapons
 a - a +0 whip
 b - a +0 blowgun (weapon)
Missiles
 d - 6 curare-tipped needles (quivered)
Armour
 c - a +2 hat (worn)
Jewellery
 i - an amulet of magic regeneration (around neck)
 n - an uncursed ring of ice {unknown}
Scrolls
 g - 2 scrolls of magic mapping
 j - 2 scrolls of remove curse
 k - a scroll of enchant weapon {unknown}
 m - a scroll of fear {unknown}
 p - a scroll of fog {unknown}
 q - a scroll of enchant armour
Potions
 o - a potion of magic
 s - a potion of berserk rage
Miscellaneous
 f - a dusty tome
Comestibles
 e - 5 rations {!d}


   Skills:
 * Level 1.7 Fighting
 + Level 2.3 Maces & Flails
 + Level 3.3 Dodging
 + Level 4.1 Stealth


You had 2 spell levels left.
You didn't know any spells.
Your spell library was empty.

Dungeon Overview and Level Annotations

Branches:
Dungeon (2/12)

Altars:
Qazlal

Annotations:
D:2 Sigmund


Innate Abilities, Weirdness & Mutations

You move and act slowly.
You can pass through walls and trees.
Your branches can wield two-handed weapons with a shield.
Your thick bark is tough. (AC +10)
You are too large for most types of armour.
You are immune to negative energy. (rN+++)
Your system is resistant to poisons. (rPois)
You have a slow metabolism.
You are immune to unholy pain and torment.
You can survive without breathing.


Message History

Something freezes you.
* * * LOW HITPOINT WARNING * * *
Unknown command.
Unknown command.
b - a +0 blowgun (weapon)
It was a potion of resistance.
You feel protected. Something hits you but does no damage.
Unknown command.
Something hits you but does no damage. Something hits you but does no damage.
You bump into the rock wall.
You hear some strange, mumbled words.
A magic dart appears from out of thin air!
The magic dart hits you but does no damage.
Something hits you but does no damage. Something hits you!
* * * LOW HITPOINT WARNING * * *
Something freezes you.
You die...

..... #.........#
.... #.........#
... #.........# ..
#.........# #.##
#.........# #.†#
#.........### #.#
#............ #{#
#.........### #@#
#.........# #.##
#.<.......#
#..#####.#######
##...###.#########
#................
#...###.####.####
###..##)###..#
######
########..#)<....##
#....#
#........)...#####


There were no monsters in sight!

Vanquished Creatures
  A gnoll (D:2)
  A dart slug (D:2)
  3 leopard geckos
  5 bats
  5 goblins (D:1)
  3 hobgoblins (D:1)
  A jackal (D:2)
  4 frilled lizards
  11 kobolds
  A rat (D:2)
35 creatures vanquished.

Notes
Turn   | Place    | Note
-------+----------+-------------------------------------------
     0 | D:1      | Morbidden the Ent Archaeologist began the quest for the
                  | Orb.
     0 | D:1      | Reached XP level 1. HP: 21/21 MP: 1/1
   115 | D:1      | Reached skill level 4 in Stealth
   120 | D:1      | Reached XP level 2. HP: 22/29 MP: 2/2
   971 | D:2      | Reached XP level 3. HP: 34/36 MP: 3/3
  1291 | D:2      | Found a stormy altar of Qazlal.
  1385 | D:2      | Noticed Sigmund
  1422 | D:2      | HP: 1/37 [something (7)]
  1422 | D:2      | Slain by Sigmund

Skill      XL: |  1  2  3 |
---------------+----------+-----
Stealth        | 4 |  4.1
Dodging        | 3 |  3.3
Maces & Flails | 2 |  2.3
Fighting       | |  1.7

Action                   || total
-------------------------++-------
Melee: Whip              ||   135
  Use: Potion            ||     5
       Scroll            ||     2
 Stab: Sleeping          ||     4
  Eat: Chunk             ||     4
Armor: Skin              ||    98
Dodge: Dodged            ||    75
